 Dungeon Sprint DCSS version 0.31-a0-986-g5e6e4ef867 (webtiles) character file.

Game seed: 4187309204327483890

0 rocky1 the Trooper (level 5, 47/47 HPs)
             Began as a Djinni Fighter on Nov 24, 2023.
             Was an Initiate of Qazlal.
             Quit the game in the Dungeon (Sprint VI: "Thunderdome").
             The game lasted 00:01:04 (132 turns).

rocky1 the Trooper (Djinni Fighter)                  Turns: 132, Time: 00:01:05

Health: 47/47      AC:  7    Str: 15    XL:     5   Next: 72%
Gold:   200        EV:  8    Int:  9    God:    Qazlal [......] SH:  5 Dex: 15

rFire   + + .        a - +0 long sword
rCold   x . .        c - +0 buckler
rNeg    . . .        b - +0 scale mail
rPois   ∞            (no helmet)
rElec   .            (no cloak)
rCorr   .            (no gloves)
SInv    .            (boots unavailable)
Will    .....        (no amulet) Stlth
                     (no ring)
HPRegen 0.27/turn    (no ring)
MPRegen 0.00/turn

%: no teleportation
@: flying
A: sickness immunity, fire resistance 2, cold vulnerability 1, float, innate
caster, HP casting, extra vitality 1
a: Renounce Religion


You were in the Dungeon.
You worshipped Qazlal.
Qazlal was noncommittal.
You visited 1 branch You collected 200 gold pieces.

Inventory:

Hand Weapons
 a - a +0 long sword (weapon)
Armour
 b - a +0 scale mail (worn)
 c - a +0 buckler (worn)
Wands
 k - a wand of light (5)
 l - a wand of iceblast (2) (quivered)
Scrolls
 i - 4 scrolls of blinking
 m - 3 scrolls of fog
Potions
 d - a potion of might
 f - 4 potions of heal wounds
 g - 4 potions of haste
 h - a potion of berserk rage
 j - 2 potions of resistance


   Skills:
 * Level 7.1 Fighting
 + Level 3.1 Long Blades
 + Level 5.7 Armour
 + Level 5.3 Shields
 * Level 3.8 Invocations
 + Level 0.6 Evocations


You knew the following spells:

 Your Spells              Type           Power      Damage    Failure   Level
a - Kiss of Death         Conj/Necr      0%         2d5       88%         1
b - Wereblood             Tmut           0%         N/A       95%         2
Your spell library was empty.

Dungeon Overview and Level Annotations

Branches:
Dungeon (1/1)

Altars:
Cheibriados
Dithmenos
Fedhas
Gozag
Makhleb
Okawaru
Qazlal
Ru
Trog
Uskayaw
Wu Jian
Xom
Yredelemnul
Zin
The Shining One
Lugonu

Shops:
D *[=??*?*:[((!!!!


Innate Abilities, Weirdness & Mutations

You are immune to sickness and miasma.
You are immune to poison.
Your flesh is very heat resistant. (rF++)
You are vulnerable to cold. (rC-)
You float through the air rather than walking.
You learn spells naturally, not from books.
Your magical power is your life essence.
You have superior vitality. (+4 MHP)


Message History

Sigmund is moderately wounded.
Sigmund zaps a wand.
You resist with significant effort.
Aiming: Iceblast
Press: ? - help, Q - select action, (/) - cycle Shift-Dir - straight line, f/p - Sigmund
Aim: Sigmund, wielding a +0 scythe, wearing a +0 robe and carrying a wand of polymorph (moderately wounded)
The mass of ice explodes!
The iceblast engulfs Sigmund!
Sigmund is almost dead.
Sigmund points at you and mumbles some strange words.
You are confused.
You are too confused!
You are too confused!
Unknown command.
You feel better.
Sigmund points at you and mumbles some strange words.
You resist with significant effort.
Aiming: Iceblast
Press: ? - help, Q - select action, (/) - cycle Shift-Dir - straight line, f/p - Sigmund
Aim: Sigmund, wielding a +0 scythe, wearing a +0 robe and carrying a wand of polymorph (almost dead)
The mass of ice explodes!
The iceblast engulfs Sigmund!
You kill Sigmund!
Qazlal accepts your kill.
Your Fighting skill gained 4 levels and is now at level 7!
Your Long Blades skill gained 2 levels and is now at level 3!
Your Armour skill gained 2 levels and is now at level 5!
Your Shields skill gained 2 levels and is now at level 5!
Your Invocations skill gained 3 levels and is now at level 3!
You have reached level 2!
You have reached level 3!
Your experience leads to an increase in your attributes!
Increase (S)trength, (I)ntelligence, or (D)exterity?
You feel agile. x2
The power to cast Kiss of Death wells up from within.
Spell assigned to 'a'.
You have reached level 4!
You feel agile.
You have reached level 5!
The power to cast Wereblood wells up from within.
Spell assigned to 'b'.
Okay, then.
Are you sure you want to abandon this character and quit the game? (Confirm with "yes".)

#_......._#
###.........#
#⌠...........
######.8.........8
##∩__.......###....
###∩........8.# #.8..
##.............###....
#⌠..........###...###.
#⌠...@......# #.<.# #.
#⌠..........###...###.
##.............###....
###∩........8.# #.8..
##∩___......###....
######)8.........8
#⌠...........
###.........#
#........_#


There were no monsters in sight!

Vanquished Creatures
  Sigmund (D)
  A hobgoblin (D)
2 creatures vanquished.

Notes
Turn   | Place    | Note
-------+----------+-------------------------------------------
     0 | D        | rocky1 the Djinni Fighter began the quest for the Orb.
     0 | D        | Reached XP level 1. HP: 20/20 MP: 0/0
     1 | D        | Found a hide-covered altar of Uskayaw.
     1 | D        | Found a bloodstained altar of Trog.
     2 | D        | Found a blossoming altar of Fedhas.
     3 | D        | Found an iron altar of Okawaru.
     3 | D        | Found a glowing golden altar of the Shining One.
     4 | D        | Found Ychaobla's Distillery.
     4 | D        | Found a sacrificial altar of Ru.
     4 | D        | Found an ornate altar of the Wu Jian Council.
     4 | D        | Found Saotip's Do-It-Yourself Clinic.
     5 | D        | Found Bafuezah's Distillery.
     5 | D        | Found Saqageg's Bottled Wisdom.
     5 | D        | Round 1.
     9 | D        | Found an opulent altar of Gozag.
    11 | D        | Found a snail-covered altar of Cheibriados.
    12 | D        | Found Haijebb's Weapon Rack.
    13 | D        | Found a corrupted altar of Lugonu.
    13 | D        | Found Duokk's Premium Goods.
    13 | D        | Found Veqig's Basic Armour.
    13 | D        | Found Vaw Emio's Miscellaneous Merchandise.
    24 | D        | Found a stormy altar of Qazlal.
    25 | D        | Found a burning altar of Makhleb.
    26 | D        | Found a shimmering altar of Xom.
    27 | D        | Found Veigerchoh's Identification Station.
    29 | D        | Found Vuklevon's Advanced Armour.
    29 | D        | Found Foniodwolo's Jewellery.
    33 | D        | Became a worshipper of Qazlal Stormbringer
    34 | D        | Found Qungu's Timeless Talismans.
    38 | D        | Found a shadowy altar of Dithmenos.
    40 | D        | Found a glowing silver altar of Zin.
    44 | D        | Found Geokac's Magic Scroll Shop.
    46 | D        | Found Pemubb's Magic Scroll Shop.
    46 | D        | Found Poump's Must-Have Magic.
    47 | D        | Found a basalt altar of Yredelemnul.
    47 | D        | Found Feybieff's Staff Store.
   126 | D        | Noticed Sigmund
   131 | D        | Killed Sigmund
   132 | D        | Reached skill level 7 in Fighting
   132 | D        | Reached skill level 5 in Armour
   132 | D        | Reached skill level 5 in Shields
   132 | D        | Reached XP level 2. HP: 31/31 MP: 0/0
   132 | D        | Reached XP level 3. HP: 36/36 MP: 0/0
   132 | D        | Learned a level 1 spell: Kiss of Death
   132 | D        | Reached XP level 4. HP: 42/42 MP: 0/0
   132 | D        | Reached XP level 5. HP: 47/47 MP: 0/0
   132 | D        | Learned a level 2 spell: Wereblood
   132 | D        | Quit the game

Illustrated notes

Levels and vault maps discovered:
D:        arena_sprint

Skill      XL: |  1 |
---------------+----+-----
Fighting       | 7 |  7.1
Long Blades    | 3 |  3.1
Armour         | 5 |  5.7
Shields        | 5 |  5.3
Invocations    | 3 |  3.8
Evocations     | |  0.6

Action                     |  1- 3 |  4- 6 || total
---------------------------+-------+-------++-------
  Melee: Long sword        |     7 |       ||     7
  Evoke: Wand              |     3 |       ||     3
    Use: Potion            |     1 |       ||     1
 Armour: Scale mail        |     6 |       ||     6
  Dodge: Dodged            |     2 |       ||     2

Table legend: (Time is in decaauts)
 A = Elapsed time spent in this place.
 B = Non-inter-level travel time spent in this place.
 C = Inter-level travel time spent in this place.
 D = Time resting spent in this place.
 E = Time spent auto-exploring this place.
 F = Levels seen in this place.
 G = Mean time per level.
                   A        B        C        D        E       F      G
               +--------+--------+--------+--------+--------+-----+--------+
         Total |    134 |    134 |      0 |      0 |     46 |   1 |  134.0 |
       Dungeon |    134 |    134 |      0 |      0 |     46 |   1 |  134.0 |
               +--------+--------+--------+--------+--------+-----+--------+

Top non-repeatable levels by time:
       D: 134 daAuts
